AoeStats
← PeJeLaGaRtO

Arabian Desert

510417535Analyzed
1v1 RM · 19h ago on Sep 30, 2026· 59m 37s· 2 players
Game mode
Random Map
Map size
Tiny (2 player)
Population
200
Speed
Normal
Resources
Standard
Victory
Conquest
Starting age
Dark Age
Ending age
Imperial Age
RankedLock teamsTeams togetherTeam positionsShared explorationLock speedFull tech treeHidden civsTurbo modeCheats
Victory
Defeat
🇦🇷 Byzantines · Argentina
457
+17
🇺🇾 Vietnamese · Uruguay
474
-17
PeJeLaGaRtO
7:18 Loom
11:12 Feudal Age
16:38 Horse Collar
16:46 Double-Bit Axe
23:21 Castle Age
22:45 Forging
23:15 Gold Mining
25:27 Pikeman
26:08 Squires
25:32 Elite Skirmisher
26:54 Iron Casting
29:56 Ballistics
29:52 Stone Mining
30:40 Gold Shaft Mining
31:22 Thumb Ring
32:07 Wheelbarrow
32:00 Bow Saw
35:53 Imperial Age
35:41 Scale Barding Armor
35:53 Heavy Plow
36:25 Hand Cart
38:49 Stone Shaft Mining
39:42 Crop Rotation
43:43 Heavy Camel Rider
46:09 Scale Mail Armor
48:51 Chemistry
52:41 Chain Barding Armor
52:37 Chain Mail Armor
55:26 Halberdier
57:49 Two-Man Saw
LordNach
3:26 Loom
11:19 Feudal Age
12:04 Double-Bit Axe
11:47 Man-at-Arms
13:30 Town Watch
15:59 Gold Mining
16:41 Horse Collar
17:24 Stone Mining
20:20 Wheelbarrow
24:15 Castle Age
24:37 Fletching
25:42 Stone Shaft Mining
25:06 Crossbowman
26:15 Hand Cart
25:57 Bodkin Arrow
26:20 Bow Saw
27:02 Thumb Ring
27:23 Heavy Plow
30:15 Town Patrol
31:07 Padded Archer Armor
32:01 Ballistics
33:32 Leather Archer Armor
33:29 Scale Mail Armor
33:39 Forging
33:43 Pikeman
35:27 Chain Mail Armor
35:51 Masonry
36:48 Iron Casting
39:38 Imperial Age
39:23 Squires
41:08 Bracer
41:38 Plate Mail Armor
41:02 Heated Shot
42:13 Chemistry
42:38 Two-Man Saw
43:32 Heated Shot
43:41 Halberdier
48:03 Light Cavalry
49:29 Bloodlines
50:17 Scale Barding Armor
52:15 Crop Rotation
52:35 Husbandry
54:38 Chain Barding Armor
57:37 Plate Barding Armor
Connection lost

Rejoining the realm…

Still unreachable

The connection could not be restored.

Session expired

The server has moved on; the page needs a fresh start.